 Dungeon Crawl Stone Soup version 0.24.0-13-gcf9b3192b9 (webtiles) character file.

Game seed: 11868663562193297725, levelgen mode: deterministic

12694 Curus the Spear-Bearer (level 11, -5/157 HPs)
             Began as a Minotaur Berserker on Nov 6, 2019.
             Was a High Priest of Trog.
             Killed from afar by an electric eel (9 damage)
             ... with a bolt of electricity
             ... on level 2 of the Lair of Beasts.
             The game lasted 00:45:47 (9612 turns).

Curus the Spear-Bearer (Minotaur Berserker)         Turns: 9612, Time: 00:45:48

Health: -5/157     AC: 22    Str: 32    XL:     11   Next: 65%
Magic:  0/10       EV:  9    Int:  7    God:    Trog [*****.]
Gold:   982        SH:  0    Dex: 10    Spells: 10/10 levels left

rFire    + . .     SeeInvis .   z - +4 trident (freeze)
rCold    . . .     Gourm    .   (no shield)
rNeg     . . .     Faith    .   B - +0 plate armour
rPois    .         Spirit   +   (helmet unavailable)
rElec    .         Reflect  .   H - scarf {Spirit}
rCorr    .         Harm     .   d - +2 pair of gloves
MR       ++...                  E - +1 pair of boots {Stlth+}
Stlth    ..........             t - amulet of the acrobat
HPRegen  1.36/turn              D - ring "Uvaull" {rF+ Str+3}
MPRegen  0.12/turn              I - +2 ring of strength

@: berserking, regenerating, very quick
A: retaliatory headbutt, horns 3, mutation resistance 1, shaggy fur 1
a: Berserk, Trog's Hand, Brothers in Arms, Renounce Religion


You were on level 2 of the Lair of Beasts.
You worshipped Trog.
Trog was extremely pleased with you.
You were hungry.

You visited 2 branches of the dungeon, and saw 13 of its levels.
You also visited: Ossuary.

You collected 982 gold pieces.

Inventory:

Hand Weapons
 a - a +2 spear
 l - a +0 trident
 v - a +5 trident of venom
 y - a +8 rapier
 z - a +4 trident of freezing (weapon)
 J - a +3 halberd of venom
Armour
 b - a +0 animal skin
 d - a +2 pair of gloves (worn)
 e - a +0 ring mail
 g - a +0 chain mail
 n - a +1 pair of boots
 w - a +0 cloak
 B - a +0 plate armour (worn)
 E - a +1 pair of boots of stealth (worn)
 G - a +1 pair of boots
 H - a scarf of spirit shield (worn)
Jewellery
 i - an uncursed ring of stealth
 p - an uncursed ring of resist corrosion
 t - an amulet of the acrobat (around neck)
 D - the ring "Uvaull" (left hand) {rF+ Str+3}
   (You found it on level 10 of the Dungeon)

   [ring of protection from fire]

   It affects your strength (+3).
   It protects you from fire.
 I - a +2 ring of strength (right hand)
Wands
 x - a wand of digging (4)
 K - a wand of disintegration (13)
Scrolls
 j - 6 scrolls of teleportation
 k - 5 scrolls of remove curse
 m - 14 scrolls of identify
 o - 2 scrolls of fear
 u - a scroll of blinking
 A - a scroll of enchant weapon
 C - a scroll of acquirement
Potions
 f - 5 potions of flight
 h - 4 potions of degeneration
 q - 5 potions of haste
 r - 3 potions of curing
 s - a potion of lignification
 F - 2 potions of agility
Comestibles
 c - 11 rations


   Skills:
 + Level 12.6 Fighting
 - Level 14.0 Polearms
 + Level 12.3 Armour
 - Level 2.1 Dodging


You had 10 spell levels left.
You didn't know any spells.
Your spell library was empty.

Dungeon Overview and Level Annotations

Branches:
Dungeon (11/15)            Temple (0/1) D:4            Lair (2/6) D:11
  Swamp (0/4) Lair:2          Orc (0/2) D:10        Ossuary (visited)
  Snake: Lair:2-4    Spider: Lair:2-4

Altars:
Cheibriados
Fedhas
Hepliaklqana
Makhleb
Okawaru
Wu Jian

Shops:
D:6 }   D:10 }

Portals:
Trove: D:11 (give +3 shadow dragon scales)

Annotations:
D:9 3 runed translucent doors, exclusion: orange crystal statue


Innate Abilities, Weirdness & Mutations

You reflexively headbutt those who attack you in melee.
You have a pair of large horns on your head.
You are somewhat resistant to further mutation.
You are covered in fur. (AC +1)


Message History

The electric eel shoots out a bolt of lightning at you!
The bolt of electricity hits the electric eel.
The electric eel completely resists.
The bolt of electricity hits the electric eel.
The electric eel completely resists.
The bolt of electricity hits you!
* * * LOW HITPOINT WARNING * * *
The electric eel shoots out a bolt of lightning at you!
The bolt of electricity hits the electric eel.
The electric eel completely resists.
The bolt of electricity hits you but does no damage.
The bolt of electricity hits you.
* * * LOW HITPOINT WARNING * * *
The electric eel shoots out a bolt of lightning at you!
The bolt of electricity hits you.
* * * LOW HITPOINT WARNING * * *
The bolt of electricity hits you.
* * * LOW HITPOINT WARNING * * *
The electric eel shoots out a bolt of lightning at you!
The bolt of electricity hits you!
You die...

.....§§§§§..>
...§≈§§§§...........≈
#..§§>;;............. ..
#..;;;;;.... #....... ...
#...;;;..... ##......
...###.^..........#.......
.....#............##......
.........@........##......
.........#........##......
....#.#..####.......#.#.#..
.... #.####.......#.####..
....P##.##..#..............
......[.................<..
#####P#..#...##.P##.##.####
#################### #


You could see 10 electric eels.

Vanquished Creatures
  A hydra (D:11)
  Erica (D:8)
  2 two-headed ogres
  Sonja (D:10)
  An unseen horror (D:10)
  An ugly thing (D:11)
  A spiny frog (Lair:1)
  A gargoyle (D:10)
  A centaur skeleton (D:10)
  A komodo dragon (D:11)
  3 trolls (D:11)
  2 hippogriffs
  2 wyverns (D:11)
  6 yaks
  A basilisk (Lair:1)
  A water moccasin (D:7)
  2 porcupines (Lair:1)
  A swamp drake (D:11)
  A hornet zombie (D:10)
  An ice beast (D:9)
  2 sky beasts (D:9)
  3 orc warriors
  A necrophage (D:11)
  A phantom (D:10)
  4 ogres
  A centaur (D:5)
  3 crocodiles
  2 big kobolds
  5 bullfrogs
  A gnoll sergeant (D:7)
  A scorpion (D:4)
  6 killer bees (D:9)
  13 wights
  2 howler monkeys
  7 crimson imps
  2 bullfrog zombies
  3 centaur zombies (D:10)
  5 jellies
  5 orc priests
  3 hounds
  An orc wizard (D:10)
  An iguana (D:5)
  A hell rat (D:7)
  6 worker ants
  A killer bee zombie (D:5)
  3 hound zombies
  3 hound skeletons
  8 mummies (Ossuary)
  6 gnolls
  9 adders
  6 river rats (D:7)
  2 shadow imps (D:7)
  3 oozes
  An adder zombie (D:7)
  3 worms
  A dart slug (D:1)
  5 leopard geckos
  23 orcs
  9 giant cockroaches
  2 gnoll zombies (Ossuary)
  8 hobgoblins
  7 jackals
  13 kobolds
  12 quokkas
  A ball python (D:3)
  11 bats
  3 frilled lizards
  14 goblins
  2 hobgoblin zombies (Ossuary)
  2 leopard gecko skeletons
  A leopard gecko zombie (D:6)
  4 orc zombies (Ossuary)
  A quokka skeleton (D:4)
  26 rats
300 creatures vanquished.

Notes
Turn   | Place    | Note
-------+----------+-------------------------------------------
     0 | D:1      | Curus the Minotaur Berserker began the quest for the Orb.
     0 | D:1      | Reached XP level 1. HP: 19/19 MP: 0/0
    54 | D:1      | Reached skill level 4 in Polearms
   110 | D:1      | Reached XP level 2. HP: 26/26 MP: 1/1
   257 | D:1      | Reached skill level 5 in Polearms
   537 | D:1      | Reached XP level 3. HP: 31/31 MP: 2/2
   645 | D:1      | Reached ** piety under Trog
  1184 | D:2      | Reached skill level 6 in Polearms
  1184 | D:2      | Reached XP level 4. HP: 37/39 MP: 3/3
  1384 | D:2      | Found a burning altar of Makhleb.
  1955 | D:3      | Reached XP level 5. HP: 45/45 MP: 4/4
  2049 | D:3      | Reached skill level 7 in Polearms
  2498 | D:3      | Reached *** piety under Trog
  2633 | D:4      | Noticed an ogre
  2642 | D:4      | Killed an ogre
  2642 | D:4      | Reached skill level 8 in Polearms
  2703 | D:4      | Reached XP level 6. HP: 46/51 MP: 5/5
  2817 | D:4      | Noticed a hippogriff
  2832 | D:4      | Killed a hippogriff
  2832 | D:4      | Reached skill level 9 in Polearms
  3166 | D:4      | Found a blossoming altar of Fedhas.
  3242 | D:4      | Found a staircase to the Ecumenical Temple.
  3439 | D:5      | Entered Level 5 of the Dungeon
  3445 | D:5      | Reached XP level 7. HP: 57/57 MP: 6/6
  3511 | D:5      | Reached skill level 10 in Polearms
  3538 | D:5      | Found a snail-covered altar of Cheibriados.
  3570 | D:5      | Found an iron altar of Okawaru.
  3587 | D:5      | Found a hazy altar of Hepliaklqana.
  3603 | D:5      | Found an ornate altar of the Wu Jian Council.
  4136 | D:6      | Found Usium's Gadget Shop.
  4165 | D:6      | Reached skill level 11 in Polearms
  4516 | D:6      | Found a sand-covered staircase.
  4522 | Ossuary  | Entered an ossuary
  4541 | Ossuary  | Reached **** piety under Trog
  4568 | Ossuary  | Reached XP level 8. HP: 37/64 MP: 7/7
  4875 | Ossuary  | Gained mutation: You are covered in fur. (AC +1) [potion of
                  | mutation]
  4875 | Ossuary  | Gained mutation: You have a pair of large horns on your
                  | head. [potion of mutation]
  4875 | Ossuary  | Gained mutation: You are somewhat resistant to further
                  | mutation. [potion of mutation]
  5099 | D:6      | Reached skill level 12 in Polearms
  5841 | D:7      | Reached ***** piety under Trog
  5858 | D:7      | Reached skill level 13 in Polearms
  6024 | D:7      | Reached XP level 9. HP: 54/70 MP: 8/8
  6033 | D:7      | Reached skill level 14 in Polearms
  6125 | D:8      | Noticed a two-headed ogre
  6134 | D:8      | Killed a two-headed ogre
  6134 | D:8      | Reached skill level 5 in Fighting
  6139 | D:8      | Reached skill level 5 in Armour
  6355 | D:8      | Noticed Erica
  6371 | D:8      | HP: 3/78 [Erica/bolt of poison (20)]
  6372 | D:8      | Killed Erica
  6450 | D:8      | Received a gift from Trog
  6625 | D:9      | Reached XP level 10. HP: 88/88 MP: 9/9
  6925 | D:9      | Noticed a two-headed ogre
  6932 | D:9      | Killed a two-headed ogre
  6946 | D:9      | Reached skill level 10 in Fighting
  7024 | D:9      | Found a runed translucent door.
  7039 | D:9      | Found a runed translucent door.
  7057 | D:9      | Found a runed translucent door.
  7108 | D:9      | Found a runed translucent door.
  7290 | D:9      | Noticed an orange crystal statue
  7304 | D:10     | Entered Level 10 of the Dungeon
  7316 | D:10     | Noticed a gargoyle
  7325 | D:10     | Killed a gargoyle
  7325 | D:10     | Reached skill level 10 in Armour
  7463 | D:10     | Got a crude granite ring
  7495 | D:10     | Killed an unseen horror
  7495 | D:10     | Reached XP level 11. HP: 93/101 MP: 10/10
  7504 | D:10     | Identified the ring "Uvaull" {rF+ Str+3} (You found it on
                  | level 10 of the Dungeon)
  7642 | D:10     | Identified 3 scrolls of acquirement
  7803 | D:10     | Noticed Sonja
  7821 | D:10     | Killed Sonja
  8164 | D:10     | Found Zol Raih's Gadget Emporium.
  8407 | D:10     | Found a staircase to the Orcish Mines.
  8538 | D:11     | Found a portal to a secret trove of treasure.
  8538 | D:11     | Noticed a four-headed hydra
  8552 | D:11     | Killed a four-headed hydra
  8632 | D:11     | Noticed a white ugly thing
  8638 | D:11     | Killed a white ugly thing
  8702 | D:11     | Found a staircase to the Lair.
  8712 | Lair:1   | Entered Level 1 of the Lair of Beasts
  9013 | Lair:1   | Received a gift from Trog
  9608 | Lair:2   | Found a staircase to the Swamp.
  9612 | Lair:2   | HP: 4/157 [electric eel/bolt of electricity (4)]
  9612 | Lair:2   | Killed from afar by an electric eel

Levels and vault maps discovered:
D:1:      onia_arrival_larder, layout_loops_cross
D:2:      layout_basic, makhleb_blood_cavern_becter
D:3:      wad_pebble_path, layout_basic, serial_forest,
          infiniplex_forest_end_double, infiniplex_forest_end_2,
          infiniplex_forest_lined_3, infiniplex_forest_lined_room_2,
          infiniplex_forest_straight_2, infiniplex_forest_clump_small,
          infiniplex_forest_lined_3, infiniplex_forest_end_2,
          infiniplex_forest_lined_room_, hangedman_decor_diamond_cutter
D:4:      layout_loops_ring, kennysheep_mini,
          minmay_temple_entry_statues_pillars, first_ration
D:5:      layout_cave_pools, lemuel_doored_altar,
          nicolae_overflow_crystal_walls, grunt_temple_overflow_open
D:6:      layout_basic, serial_shops,
          nicolae_shop_temple_entry_statues_fountains,
          nicolae_ossuary_entry_plus
D:7:      lemuel_ratsnest, layout_basic
D:8:      layout_cave_pools, uniq_erica
D:9:      layout_cave_pools, minmay_statue_crystal_thing
D:10:     layout_loops_ring, orc_0_dummy, serial_shops, shop, uniq_sonja
D:11:     layout_basic, erik_lair_dragon, nicolae_trove_entry_crossroad,
          minmay_liquid_box
Lair:1:   layout_cave_pods
Lair:2:   cheibrodos_lair_river_kwai, layout_regular_city,
          minmay_swamp_entry_eels, lemuel_old_faithful, lemuel_fruit_fields,
          grunt_megastairs_3

Skill      XL: |  1  2  3  4  5  6  7  8  9 10 11 |
---------------+----------------------------------+-----
Polearms       | 4 5 6 8 9 11 13 14 | 14.0
Fighting       | 7 10 12 | 12.6
Armour         | 7 10 12 | 12.3
Dodging        | |  2.1

Action                   |  1- 3 |  4- 6 |  7- 9 | 10-12 || total
-------------------------+-------+-------+-------+-------++-------
Melee: Spear             |   124 |    77 |       |       ||   201
       Headbutt          |    12 |    24 |    64 |    60 ||   160
       Trident           |       |    42 |   397 |   280 ||   719
Invok: Berserk           |       |       |     3 |     1 ||     4
       Trog's Hand       |       |       |     2 |     2 ||     4
  Use: Scroll            |     5 |     7 |     1 |     6 ||    19
       Potion            |     2 |     2 |     8 |     1 ||    13
 Stab: Sleeping          |     2 |     1 |       |       ||     3
  Eat: Chunk             |     1 |     3 |     8 |     7 ||    19
       Ration            |       |     1 |     2 |     1 ||     4
Armor: Animal skin       |    12 |       |       |       ||    12
       Ring mail         |    13 |     9 |       |       ||    22
       Chain mail        |       |    25 |   126 |    44 ||   195
       Plate armour      |       |       |       |    72 ||    72
Dodge: Dodged            |    43 |    32 |    88 |    73 ||   236
